Map: Abyssal Reef LE

Players

Karsa

  • Race: Zerg Zerg
  • Spawn Location: 5:00

JuankY - Winner!

  • Race: Terran Terran
  • League: Platinum
  • Spawn Location: 11:00

VOD

Have the link to the VOD?

Description

Time

  • Played on: May 16, 2017, 3:20 p.m.
  • Length: 18:31
Show
View Real Time Build Order
Export as new Build Order

Karsa Zerg 

Build Orders: Hatch First, Zergling Baneling 

Get SALT Encoding   

  12  0:01  Drone  
  13  0:14  Overlord  
  13  0:23  Drone  
  14  0:33  Drone x2  
  16  0:39  Drone  
  17  0:55  Hatchery  
  16  0:59  Drone  
  16  1:02  Drone  
  18  1:12  Extractor  
  17  1:18  Spawning Pool  
  17  1:20  Drone  
  17  1:23  Drone  
  18  1:31  Drone  
  19  1:45  Drone  
  20  1:52  Overlord  
  20  2:06  Queen  
  20  2:07  Queen  
  20  2:08  Zergling x4  
  26  2:18  Zergling x2  
  26  2:21  Zergling x2  
  28  2:24  Metabolic Boost  
  28  2:34  Drone x2  
  30  2:43  Drone  
  30  2:44  Drone  
  32  2:48  Drone  
  33  2:55  Lair  
  33  2:58  Drone x2  
  35  3:05  Overlord  
  35  3:19  Zergling x2  
  36  3:22  Queen, Overlord x3  
  38  3:31  Zergling x8  
  42  3:41  Baneling Nest, Zergling x4  
  43  3:52  Zergling x2  
  44  3:59  Drone x5  
  46  4:21  Zergling x10  
  51  4:29  Zergling x6  
  51  4:30  Zergling x8  
  58  4:33  Baneling x5  
  58  4:34  Baneling x3  
  58  4:36  Zergling x2  
  59  4:39  Zergling x2  
  59  4:43  Drone  
  51  5:11  Zergling x14  
  51  5:12  Zergling x2  
  58  5:21  Baneling x6  
  58  5:24  Zergling x4  
  56  5:51  Zergling x10  
  48  6:08  Zergling x8  
  48  6:09  Zergling x6  
  50  6:22  Zergling x6  
  53  6:33  Zergling x12  
  53  6:39  Zergling x2  
  61  6:40  Zergling x2  
  57  6:51  Zergling x4  
  52  6:58  Zergling x8  
  54  7:15  Hatchery, Zergling x2  
  53  7:16  Zergling x6  
  44  7:38  Drone  
  44  7:39  Drone x5  
  50  8:00  Drone  
  50  8:01  Drone x4  
  50  8:02  Hydralisk Den  
  54  8:06  Zergling x2  
  56  8:12  Zergling x2  
  56  8:27  Zergling x12  
  56  8:28  Zergling x4  
  64  8:35  Drone x2  
  64  8:40  Zergling x4  
  68  8:45  Muscular Augments  
  68  9:02  Drone x2  
  70  9:03  Drone  
  70  9:05  Hydralisk  
  73  9:10  Overlord x5  
  73  9:11  Overlord x2  
  73  9:20  Hatchery  
  72  9:24  Infestation Pit  
  72  9:25  Extractor  
  72  9:26  Drone x3  
  72  9:27  Drone  
  72  9:28  Zergling x6  
  72  9:29  Hydralisk x3  
  83  9:44  Extractor  
  82  9:48  Extractor  
  82  9:52  Extractor  
  80  9:57  Drone x5  
  85  10:03  Hydralisk x2  
  85  10:04  Hydralisk  
  85  10:05  Zergling x14  
  98  10:10  Overseer  
  98  10:21  Drone  
  98  10:22  Drone x3  
  98  10:26  Hydralisk x2, Zergling x4  
  108  10:36  Hydralisk, Zergling x6  
  108  10:37  Zergling x2  
  108  10:38  Zergling x4  
  80  11:06  Hydralisk x2, Zergling x6  
  80  11:07  Hydralisk x3  
  90  11:15  Hydralisk, Zergling x8  
  90  11:17  Zergling x6  
  99  11:29  Hydralisk x2, Zergling x8  
  107  11:41  Drone x2  
  107  11:42  Extractor, Drone  
  109  11:51  Overseer x2  
  109  11:52  Overseer  
  109  11:54  Hydralisk x2, Zergling x6  
  109  11:55  Hydralisk, Zergling x4  
  109  11:56  Zergling x4  
  98  12:15  Spore Crawler  
  97  12:23  Hydralisk x2, Zergling x4  
  97  12:24  Hydralisk x5, Zergling x4  
  115  12:41  Spore Crawler  
  114  12:44  Spore Crawler  
  113  12:51  Drone x3  
  113  12:52  Drone x3  
  119  13:00  Hydralisk x3, Zergling x6  
  119  13:01  Hydralisk  
  119  13:04  Queen  
  132  13:11  Zergling x2  
  132  13:12  Zergling x4  
  125  13:29  Hatchery  
  124  13:37  Spore Crawler  
  124  13:38  Drone  
  124  13:39  Drone  
  124  13:40  Drone x7  
  130  13:54  Zergling x10  
  134  14:02  Zergling x2  
  134  14:03  Zergling x2  
  135  14:15  Overlord x6  
  135  14:20  Queen  
  83  14:46  Hydralisk x2, Zergling x10  
  83  14:47  Hydralisk x8, Zergling x4  
  83  14:48  Hydralisk x2  
  97  14:57  Hydralisk x2  
  101  15:05  Hydralisk x2, Zergling x6  
  108  15:13  Drone x3  
  111  15:21  Zergling x2  
  111  15:22  Zergling x4  
  105  15:44  Zergling x2  
  105  15:45  Hydralisk, Zergling x10  
  76  16:06  Overseer x2  
  76  16:07  Overseer x2  
  76  16:09  Zergling x4  
  76  16:10  Zergling x14  
  85  16:12  Zergling x2  
  85  16:17  Drone  
  85  16:18  Drone x2  
  89  16:21  Drone  
  89  16:22  Drone  
  91  16:40  Hydralisk x2, Zergling x6  
  91  16:41  Zergling x6  
  101  16:47  Zergling x4  
  101  16:48  Zergling x2  
  70  17:22  Zergling x2  
  70  17:23  Hydralisk x6, Zergling x8  
  70  17:24  Hydralisk x3  
  90  17:40  Overseer  
  90  17:49  Drone x3  
  93  18:00  Hydralisk x3, Zergling x6  
  93  18:01  Hydralisk  
  93  18:03  Hatchery  
Show
View Real Time Build Order
Export as new Build Order

JuankY Terran - Winner!

Build Orders: Command Center First (CC), MMM Bio 

Get SALT Encoding   

  12  0:00  SCV  
  13  0:13  SCV  
  14  0:18  Supply Depot  
  14  0:25  SCV  
  15  0:39  SCV  
  16  0:52  SCV  
  17  1:11  Command Center  
  17  1:13  SCV  
  18  1:19  Barracks  
  18  1:25  SCV  
  19  1:37  Barracks  
  19  1:39  Refinery  
  19  1:49  SCV  
  20  1:58  Refinery  
  20  2:06  Marine  
  21  2:15  Bunker  
  21  2:16  Orbital Command  
  21  2:26  Marine x2  
  23  2:35  Orbital Command  
  23  2:44  SCV  
  24  2:57  Barracks Reactor  
  24  3:02  Supply Depot  
  24  3:03  SCV  
  25  3:06  SCV  
  25  3:11  Barracks Tech Lab  
  26  3:18  SCV x2  
  28  3:30  SCV  
  28  3:31  SCV  
  28  3:33  Marauder  
  32  3:34  Marine x2  
  34  3:42  SCV  
  34  3:43  SCV  
  34  3:44  Factory  
  35  4:00  Marine x2  
  37  4:03  Stimpack  
  37  4:10  SCV x2  
  39  4:21  Marine x2  
  39  4:22  Marauder, SCV x2  
  45  4:25  Supply Depot  
  45  4:29  Factory Reactor  
  45  4:31  Barracks  
  45  4:32  Starport  
  45  4:34  SCV  
  46  4:42  Supply Depot  
  46  4:47  Marauder, SCV, Marine x2  
  38  5:11  Widow Mine x2  
  38  5:12  Marine x2  
  38  5:14  Medivac  
  42  5:15  SCV  
  42  5:19  Supply Depot  
  43  5:22  Barracks Reactor  
  43  5:27  SCV  
  44  5:32  Marauder  
  46  5:56  Orbital Command  
  42  6:05  Medivac  
  42  6:07  Marauder, Barracks Reactor  
  46  6:21  Combat Shields  
  46  6:43  SCV  
  46  6:44  Marine  
  46  6:46  SCV  
  46  6:48  Widow Mine  
  45  6:55  SCV  
  46  7:04  Supply Depot  
  46  7:05  Supply Depot  
  46  7:06  Supply Depot  
  46  7:08  Supply Depot  
  46  7:23  SCV  
  46  7:25  Widow Mine x2  
  46  7:26  Marauder, SCV  
  50  7:42  Bunker, SCV x2  
  52  7:48  Marine x4  
  52  7:49  Marauder  
  52  7:50  Concussive Shells  
  58  7:54  SCV x2  
  58  7:58  Widow Mine x2  
  60  7:59  Starport Reactor  
  60  8:00  Engineering Bay  
  60  8:02  Engineering Bay  
  64  8:06  SCV x2  
  64  8:12  Marine x4  
  69  8:14  Marauder  
  69  8:18  SCV  
  73  8:24  Supply Depot  
  73  8:26  Widow Mine, SCV  
  76  8:39  Marine x2  
  76  8:40  Terran Infantry Armor Level 1, Terran Infantry Weapons Level 1  
  78  8:47  Medivac x2  
  78  8:48  Armory  
  82  8:52  SCV x2  
  82  8:55  Refinery  
  84  9:03  Marine x2  
  86  9:12  Supply Depot  
  86  9:13  Supply Depot  
  86  9:34  SCV, Marine x2  
  86  9:35  Liberator  
  86  9:36  Supply Depot  
  86  9:37  Marine x3  
  92  9:40  Liberator  
  92  9:42  SCV  
  93  9:46  SCV  
  93  9:47  Refinery  
  93  9:50  Widow Mine x2  
  98  9:54  SCV  
  98  9:58  SCV  
  106  10:04  Supply Depot  
  106  10:09  SCV  
  106  10:10  SCV  
  108  10:20  Supply Depot  
  108  10:21  SCV  
  108  10:22  SCV  
  97  11:06  Marauder, Marine x3  
  93  11:12  Terran Infantry Armor Level 2, Terran Infantry Weapons Level 2  
  93  11:14  Cyclone x2  
  99  11:26  Marine x4  
  99  11:28  Marauder  
  99  11:30  SCV x2  
  107  11:40  Medivac x2  
  111  11:49  Marauder  
  113  11:59  Command Center  
  113  12:10  Marauder  
  115  12:17  Marine  
  115  12:18  Marine x3  
  119  12:26  Medivac x2  
  123  12:31  Marine  
  123  12:34  Widow Mine  
  126  12:37  Barracks  
  126  12:39  Barracks  
  126  12:44  Supply Depot  
  126  12:45  Supply Depot  
  126  13:02  Supply Depot  
  126  13:05  Marauder, Widow Mine, Marine x4  
  134  13:08  Supply Depot  
  134  13:09  Supply Depot  
  132  13:23  Marine x4  
  132  13:26  Marine  
  137  13:40  Marine x4  
  138  14:02  Barracks Reactor x2  
  108  14:45  Marine x4  
  99  14:50  Marine x3  
  99  14:51  Marine x2  
  99  14:52  Terran Infantry Weapons Level 3, Terran Infantry Armor Level 3  
  99  14:58  Command Center  
  99  15:03  Marine x4  
  103  15:07  Marine  
  103  15:20  Widow Mine x2  
  107  15:23  Marine x2  
  109  15:49  Widow Mine x2  
  95  15:53  Marine x6  
  95  15:54  Marine  
  90  16:05  Marine x2  
  90  16:11  Marine  
  93  16:17  Widow Mine x2  
  97  16:27  Bunker  
  97  16:35  Planetary Fortress  
  97  16:40  Marine x4  
  97  16:46  Widow Mine x2  
  105  17:01  Marine  
  105  17:02  Marine x4  
  104  17:10  Refinery  
  92  17:17  Marine x4  
  92  17:19  Marine  
  92  17:26  Marine x4  
  92  17:28  SCV x3  
  99  17:35  Marine x3  
  102  17:40  SCV x2  
  102  17:44  Command Center, Marine x6  
  110  17:54  Medivac x2  
  114  18:00  Refinery  
  114  18:19  Supply Depot x2  
Tags
 
Add a new tag
Caveats
  • Supply blocks, unpowered buildings, or Contaminate may cause inaccurate times.
  • Supply counts are checked every 10 seconds.